 Dungeon Crawl Stone Soup version 0.14-a0-3367-g7c2a7eb (webtiles) character file.

389 KaKa the Slasher (level 6, -2/47 HPs)
             Began as a Formicid Fighter on Mar 19, 2014.
             Slain by an orc priest
             ... wielding a +0,+0 hand axe
              (5 damage)
             ... on Level 3 of the Dungeon.
             The game lasted 00:09:17 (2121 turns).

KaKa the Slasher (Formicid Fighter)                 Turns: 2121, Time: 00:09:17

HP  -2/47        AC 10     Str 21      XL: 6   Next: 27%
MP   8/8         EV  5     Int  7      God:
Gold 153         SH 19     Dex 12      Spells:  0 memorised,  5 levels left

rFire  . . .     SeeInvis +     a - +0 long sword
rCold  . . .     Clarity  .     k - +0 chain mail
rNeg   . . .     Conserve .     c - +0 shield
rPois  .         rCorr    .     (helmet unavailable)
rElec  .         rRot     .     g - +0 cloak (curse)
SustAb . .       Spirit   .     (no gloves)
rMut   .         Warding  .     (no boots)
Saprov . . .     Stasis   +     (no amulet)
MR     .....                    (no ring)
                                (no ring)

@: not resistant to hostile enchantments, extremely unstealthy
A: permanent stasis, dig shafts and tunnels, four strong arms, antennae 3
a: Dig, Shaft Self


You were on level 3 of the Dungeon.
You were very hungry.

You visited 1 branch of the dungeon, and saw 3 of its levels.

You collected 153 gold pieces.

Inventory:

Hand weapons
 a - a +0,+0 long sword (weapon)
Missiles
 m - 5 javelins (quivered)
Armour
 b - a +0 scale mail
 c - a +0 shield (worn)
 g - a cursed +0 cloak (worn)
 k - a +0 chain mail (worn)
Comestibles
 d - 2 bread rations
 h - a snozzcumber
 n - an apple
Scrolls
 e - a scroll of teleportation {unknown}
 i - 2 scrolls of identify {unknown}
 j - 2 scrolls of remove curse {unknown}
 l - a scroll of immolation {unknown}
 q - a scroll of recharging {unknown}
Jewellery
 r - an uncursed amulet of inaccuracy {unknown}
Potions
 f - 5 potions of curing {unknown}
 o - a potion of heal wounds {unknown}
 p - a potion of confusion {unknown}
 s - a potion of invisibility {unknown}


   Skills:
 + Level 3.5 Fighting
 * Level 5.9 Long Blades
 + Level 3.4 Armour
 + Level 0.1 Dodging
 + Level 3.7 Shields


You had 5 spell levels left.
You didn't know any spells.

Dungeon Overview and Level Annotations

Branches:
Dungeon (3/15)

Altars:


Innate Abilities, Weirdness & Mutations

Your are under a permanent stasis effect.
You can dig through walls and to a lower floor.
Your four strong arms can wield two-handed weapons with a shield.
You have a pair of large antennae on your head (SInv).


Message History

The orc priest hits you but does no damage.
You block the orc's attack.
You hit the orc priest.
The orc priest is moderately wounded.
The orc priest mumbles some strange prayers to Beogh against you.
Something smites you!
* * * LOW HITPOINT WARNING * * *
The orc hits you with a club.
* * * LOW HITPOINT WARNING * * *
You closely miss the orc priest.
The orc priest is moderately wounded.
The orc priest invokes the aid of Beogh against you.
Pain shoots through your body!
* * * LOW HITPOINT WARNING * * *
The orc hits you but does no damage.
Unknown command.
Your shield and chain mail prevent you from hitting the orc priest.
The orc priest is moderately wounded.
The orc priest hits you with a hand axe.
You die...

#....#.#.....#.#
#....#.#.....#.#.#
#....#.#.........#
#....#%##.####....
#
######.##.#######
.#. #.##.#... ....
#.##.#.#### ...#.
#<..."...o#......#
#.##.#.#.@o..^..<.
#.##.#.........###
#.##.######......
...... ..?### #..
.... ### .##. #


You could see an orc priest and an orc.

Vanquished Creatures
  Sigmund (D:2)
  An orc priest (D:3)
  Jessica (D:2)
  4 gnolls (D:2)
  2 adders
  An inept feature mimic (D:2)
  4 giant geckos
  2 orcs (D:3)
  5 bats
  7 goblins
  6 hobgoblins
  4 kobolds
  2 quokkas
  A ball python (D:3)
  2 giant cockroaches (D:2)
  5 giant newts
  10 rats
58 creatures vanquished.

Notes
Turn   | Place    | Note
--------------------------------------------------------------
     0 | D:1      | KaKa, the Formicid Fighter, began the quest for the Orb.
     0 | D:1      | Reached XP level 1. HP: 18/18 MP: 1/1
   160 | D:1      | Reached XP level 2. HP: 18/24 MP: 3/3
   604 | D:2      | Reached XP level 3. HP: 29/29 MP: 4/4
   644 | D:2      | Noticed Jessica
   654 | D:2      | Killed Jessica
   656 | D:2      | Reached XP level 4. HP: 22/35 MP: 5/5
   806 | D:2      | Reached skill level 4 in Long Blades
  1080 | D:2      | Noticed Sigmund
  1093 | D:2      | Killed Sigmund
  1093 | D:2      | Reached skill level 5 in Long Blades
  1093 | D:2      | Reached XP level 5. HP: 41/41 MP: 7/7
  1739 | D:2      | Reached XP level 6. HP: 47/47 MP: 8/8
  2120 | D:3      | HP: 2/47 [orc priest/nerve-wracking pain (5)]
  2121 | D:3      | Slain by an orc priest

Action                   |  1- 3 |  4- 6 || total
-------------------------+-------+-------++-------
Melee: Long sword        |    86 |   155 ||   241
Throw: Javelin           |       |     5 ||     5
  Use: Potion            |       |     1 ||     1
